 Dungeon Crawl Stone Soup version 0.17-a0-18-gc25b939 (webtiles) character file.

845 JacquesDerrida the Poker (level 8, -2/52 HPs)
             Began as a Merfolk Summoner on Mar 8, 2015.
             Was an Initiate of Ashenzari.
             Slain by an unseen horror (4 damage)
             ... on level 6 of the Dungeon.
             The game lasted 00:27:10 (2586 turns).

JacquesDerrida the Poker (Merfolk Summoner)         Turns: 2586, Time: 00:27:11

Health: -2/52      AC:  4    Str:  9    XL:     8   Next: 0%
Magic:  10/13      EV: 18    Int: 16    God:    Ashenzari [......]
Gold:   95         SH:  0    Dex: 19    Spells: 4 memorised, 1 level left

rFire  + . .     SeeInvis .     a - +0 trident (venom)
rCold  + . .     Clarity  .     E - +2 robe {rC+ rF+} (curse)
rNeg   . . .     SustAb   .     (no shield)
rPois  .         Gourm    .     (no helmet)
rElec  .         Spirit   .     (no cloak)
rCorr  .         Warding  .     (no gloves)
rMut   .         Stasis   .     (no boots)
MR     +....                    (no amulet)
Stlth  +++.......               (no ring)
                                p - ring of protection from magic

@: agile, very slightly contaminated, hasted, very quick, somewhat resistant to
hostile enchantments, fairly stealthy
A: change form in water, swift swim
a: Renounce Religion


You were on level 6 of the Dungeon.
You worshipped Ashenzari.
Ashenzari was noncommittal.
You were not hungry.

You visited 2 branches of the dungeon, and saw 7 of its levels.

You collected 191 gold pieces.
You spent 96 gold pieces at shops.

Inventory:

Hand weapons
 a - a +0 trident of venom (weapon)
 b - a +0 blowgun
 f - a +0 short sword
 v - a +0 trident of piercing
 D - a +1 scythe of freezing
Missiles
 k - 37 poisoned needles
Armour
 s - a +0 robe
 E - a cursed +2 robe of resistance (worn)
Jewellery
 p - a ring of protection from magic (left hand)
Magical devices
 u - a wand of slowing (22)
 x - a wand of enslavement (7)
Scrolls
 d - 3 scrolls of curse armour
 j - a scroll of recharging
 m - a scroll of enchant armour
 z - 2 scrolls of curse weapon
 B - a scroll of magic mapping
 H - a scroll of identify
Potions
 e - 2 potions of brilliance
 o - a potion of heal wounds {unknown}
 q - a potion of beneficial mutation {unknown}
 r - 2 potions of cancellation
 t - a potion of haste
 A - 2 potions of restore abilities
 G - a potion of poison {unknown}
Books
 l - a Necronomicon {highlevel, unknown}

   This book is beyond your current level of understanding.

   Spells                             Type                      Level
   a - Haunt                          Necromancy/Summoning         7
   b - Borgnjor's Revivification      Necromancy                   8
   c - Death's Door                   Charms/Necromancy            8
   d - Necromutation                  Transmutation/Necromancy     8
 y - a book of Callings

   Spells                             Type                      Level
   a - Summon Small Mammal            Summoning                    1
   b - Call Imp                       Summoning                    2
   c - Call Canine Familiar           Summoning                    3
   d - Summon Guardian Golem          Hexes/Summoning              4
   e - Summon Lightning Spire         Summoning/Air                4
   f - Summon Ice Beast               Ice/Summoning                4
Comestibles
 c - 3 bread rations
 h - 2 beef jerkies
 n - 2 meat rations
 F - a chunk of flesh


   Skills:
 + Level 7.7 Polearms
 - Level 2.6 Dodging
 - Level 2.1 Stealth
 - Level 2.0 Spellcasting
 + Level 7.7 Summonings
 + Level 1.0 Ice Magic


You had one spell level left.
You knew the following spells:

 Your Spells              Type           Power        Failure   Level  Hunger
a - Summon Ice Beast      Ice/Summ       ###.....     38%         4    #####..
b - Call Imp              Summ           ####....     1%          2    ###....
c - Call Canine Familiar  Summ           ####....     2%          3    ###....
d - Summon Small Mammal   Summ           ####         1%          1    #......


Dungeon Overview and Level Annotations

Branches:
Dungeon (6/15)             Temple (1/1) D:6

Altars:
Ashenzari
Cheibriados
Dithmenos
Gozag
Okawaru
Sif Muna
Trog
Xom

Shops:
D:4 *


Message History

Something hits you but does no damage. Something hits you.
* * * LOW HITPOINT WARNING * * *
Your hound bites something but does no damage.
Drink which item? (? for menu, Esc to quit)
You feel better. Something hits you!
* * * LOW HITPOINT WARNING * * *
Your hound bites something but does no damage.
Drink which item? (? for menu, Esc to quit)
You feel better. Something hits you but does no damage. Something hits you.
* * * LOW HITPOINT WARNING * * *
Your hound bites something.
Something hits you!
* * * LOW HITPOINT WARNING * * *
Drink which item? (? for menu, Esc to quit)
It was a potion of agility.
You feel agile all of a sudden. Something hits you.
You die...

........# #.....#.# #....#.......
........# #.....#.###....#.##.#.#
........###.<...........##....#.#
....#####...................###
....#####...........#.####..#
....##..............#.# #..#
.................h..#.# ......
...............##...#.##......#
.......##.....>.@......#......#
.......##......................
.......##.....................#.
.......####.....................
.##########.......#.........##
.#...###......#...#..........
.#.....[......#####.........
.#............# #.......#
.###..........# #.......


You could see a friendly hound.

Vanquished Creatures
  Pikel (D:5)
  2 slaves (D:5)
  Sigmund (D:6)
  A giant frog skeleton (D:6)
  3 hounds
  2 worker ants
  A shadow imp (D:5)
  2 adders
  A giant gecko (D:3)
  3 orcs
  2 goblins (D:3)
  6 hobgoblins
  A quokka (D:3)
  5 bats
  A giant newt (D:3)
  2 kobolds (D:2)
  7 rats
41 creatures vanquished.

Vanquished Creatures (collateral kills)
  A phantom (D:5)
  A centaur (D:6)
  A crimson imp (D:6)
  A centaur skeleton (D:5)
  A jelly (D:5)
  A worker ant (D:4)
  2 adders
  A worm (D:3)
  4 giant geckos
  2 oozes
  An orc (D:4)
  2 bat zombies (D:2)
  3 giant cockroaches
  5 goblins
  5 hobgoblins
  3 jackals (D:1)
  A quokka (D:2)
  A ball python (D:1)
  5 bats
  5 kobolds
  3 rats (D:1)
49 creatures vanquished.

Vanquished Creatures (others)
  2 crimson imps (D:5)
  7 hounds
  3 bats (D:1)
  A quokka (D:1)
  5 rats (D:1)
18 creatures vanquished.

Grand Total: 108 creatures vanquished

Notes
Turn   | Place    | Note
--------------------------------------------------------------
     0 | D:1      | JacquesDerrida, the Merfolk Summoner, began the quest for the Orb.
     0 | D:1      | Reached XP level 1. HP: 13/13 MP: 3/3
     3 | D:1      | Noticed an electric eel
     3 | D:1      | Noticed an electric eel
   564 | D:1      | Reached XP level 2. HP: 19/19 MP: 0/4
   568 | D:1      | Learned a level 2 spell: Call Imp
   639 | D:2      | Found an iron altar of Okawaru.
   768 | D:2      | Found a deep blue altar of Sif Muna.
   855 | D:2      | Reached XP level 3. HP: 18/24 MP: 3/6
   910 | D:2      | Learned a level 3 spell: Call Canine Familiar
   936 | D:2      | Reached skill level 5 in Summonings
  1129 | D:3      | Found a snail-covered altar of Cheibriados.
  1140 | D:3      | Reached XP level 4. HP: 17/30 MP: 7/7
  1384 | D:4      | Reached skill level 1 in Polearms
  1442 | D:4      | HP: 1/30 [poisoned by a worker ant]
  1450 | D:4      | Reached XP level 5. HP: 7/35 MP: 1/9
  1468 | D:4      | HP: 1/35 [poisoned by a worker ant]
  1640 | D:4      | Found Ituoskarph's General Store.
  1823 | D:4      | Bought a scroll of identify for 24 gold pieces
  1823 | D:4      | Bought 2 potions of curing for 72 gold pieces
  1854 | D:5      | Entered Level 5 of the Dungeon
  1875 | D:5      | Reached skill level 6 in Summonings
  1953 | D:5      | Noticed a slave
  1954 | D:5      | Noticed Pikel
  1954 | D:5      | Noticed a slave
  1955 | D:5      | Noticed a slave
  1973 | D:5      | Killed a slave
  1988 | D:5      | Killed a slave
  2025 | D:5      | Noticed a slave
  2068 | D:5      | Killed Pikel
  2068 | D:5      | Reached skill level 7 in Summonings
  2068 | D:5      | Reached XP level 6. HP: 26/41 MP: 3/10
  2068 | D:5      | Reached XP level 7. HP: 29/46 MP: 3/12
  2169 | D:5      | Noticed a phantom
  2192 | D:5      | Killed a phantom
  2205 | D:5      | Found a shimmering altar of Xom.
  2205 | D:5      | Found an opulent altar of Gozag.
  2247 | D:6      | Noticed Sigmund
  2264 | D:6      | Killed Sigmund
  2422 | D:6      | Learned a level 4 spell: Summon Ice Beast
  2442 | D:6      | Found a staircase to the Ecumenical Temple.
  2456 | Temple   | Entered the Ecumenical Temple
  2466 | Temple   | Became a worshipper of Ashenzari the Shackled
  2538 | D:6      | Reached skill level 1 in Ice Magic
  2538 | D:6      | Reached XP level 8. HP: 42/52 MP: 9/13
  2585 | D:6      | HP: 2/52 [something (7)]
  2586 | D:6      | Slain by an unseen horror

Action                   |  1- 3 |  4- 6 |  7- 9 || total
-------------------------+-------+-------+-------++-------
Melee: Short sword       |    40 |       |       ||    40
       Trident           |     9 |    69 |    45 ||   123
 Fire: Blowgun           |       |     2 |     2 ||     4
 Cast: Summon Small Mamm |    28 |       |       ||    28
       Call Imp          |    13 |     5 |     7 ||    25
       Call Canine Famil |     4 |    11 |    11 ||    26
  Use: Scroll            |       |     8 |     7 ||    15
       Potion            |       |     3 |     5 ||     8
 Stab: Sleeping          |     3 |     2 |       ||     5
       Distracted        |       |     1 |     2 ||     3
  Eat: Chunk             |     3 |     4 |     5 ||    12
